Adelaide Pink Elephants vs Niagara IceDogs
Created - Sunday, March 26, 2023 at 07:13
Goals
|
| Adelaide Pink Elephants |
2 |
0 |
0 |
2 |
| Niagara IceDogs |
0 |
4 |
1 |
5 |
|
Shots
|
| Adelaide Pink Elephants |
12 |
6 |
5 |
23 |
| Niagara IceDogs |
9 |
18 |
5 |
32 |
|
1st period
1. Adelaide Pink Elephants , Dominik Simon 4 (Robin Salo 5) at 17:45
2. Adelaide Pink Elephants , Kevin Stenlund 4 (Matthew Phillips 5, Johan Larsson 10) at 19:04
Penalties :
Jonatan Berggren (NID) for Interference (Minor) at 2:58, John Ludvig (NID) for Tripping (Minor) at 7:26
2nd period
3. Niagara IceDogs , Chase Pearson 3 (Jonatan Berggren 8, John Ludvig 2) at 3:38
4. Niagara IceDogs , Arttu Ruotsalainen 5 (Jack Quinn 7, Jayden Halbgewachs 6) at 5:20
5. Niagara IceDogs , James Hamblin 1 (John Ludvig 3, Chase Pearson 3) at 8:54
6. Niagara IceDogs , Jacob MacDonald 2 (Chase Pearson 4, Jonatan Berggren 9) at 14:51
Penalties :
Dominik Simon (APE) for Hooking (Minor) at 12:11, Johan Larsson (APE) for Diving (Minor) at 15:01
3rd period
7. Niagara IceDogs , Jack Quinn 9 (Jacob MacDonald 9, Alex Whelan 4) at 2:47
Penalties :
Johan Larsson (APE) for Slashing (Minor) at 14:37
Goalie Stats
Jet Greaves (APE), 27 saves from 32 shots - (0.844), L, 3-7-0, 60:00 minutes
Joseph Woll (NID), 21 saves from 23 shots - (0.913), W, 2-2-0, 60:00 minutes
Players Stats for Adelaide Pink Elephants
Player Name G A P +/- PIM S H SB GA TA FO MP PP MP PK MP
------------------------------------------------------------------------------------
A.J. Greer 0 0 0 -2 0 3 1 1 0 0 0/0 12:14 0:26 1:39
Adam Gaudette 0 0 0 -1 0 1 2 0 1 0 1/2 16:28 2:01 2:37
Axel Jonsson-Fjallby 0 0 0 -1 0 1 2 0 0 0 1/3 13:52 0:00 2:14
Ben Gleason 0 0 0 -1 0 0 1 0 0 0 0/0 14:13 0:36 0:00
Caleb Jones 0 0 0 -3 0 0 4 2 1 0 0/0 25:34 2:03 3:17
Declan Chisholm 0 0 0 1 0 1 1 1 0 1 0/0 21:02 1:55 2:40
Dominik Simon 1 0 1 1 2 3 4 1 0 0 0/0 17:41 1:00 0:07
Johan Larsson 0 1 1 -2 4 7 4 1 3 0 13/23 23:30 2:05 1:10
Kevin Stenlund 1 0 1 1 0 2 4 0 0 0 3/11 18:39 1:15 0:52
Marc McLaughlin 0 0 0 0 0 0 0 0 0 0 0/0 2:26 0:34 0:00
Matthew Phillips 0 1 1 1 0 0 1 0 0 0 0/0 17:41 1:15 0:00
Nick Cicek 0 0 0 -1 0 0 1 0 0 0 0/0 13:23 0:00 0:00
Philippe Myers 0 0 0 -3 0 1 1 3 0 1 0/0 25:34 2:03 3:17
Riley Damiani 0 0 0 -1 0 0 1 0 0 1 0/1 11:34 0:00 0:00
Robin Salo 0 1 1 1 0 1 1 1 0 0 0/0 21:03 1:55 2:40
Ryan Dzingel 0 0 0 -3 0 3 2 0 0 0 1/1 23:45 2:01 3:15
Ryan Suzuki 0 0 0 -2 0 0 1 0 0 0 2/4 9:55 0:00 0:00
Tyler Madden 0 0 0 0 0 0 4 0 0 0 0/0 5:25 0:41 0:00
Players Stats for Niagara IceDogs
Player Name G A P +/- PIM S H SB GA TA FO MP PP MP PK MP
------------------------------------------------------------------------------------
Alex Whelan 0 1 1 1 0 1 1 1 0 0 0/0 15:31 2:55 0:00
Aliaksei Protas 0 0 0 1 0 1 2 0 1 0 0/1 16:47 3:02 1:36
Arttu Ruotsalainen 1 0 1 2 0 6 0 0 0 1 2/3 19:52 3:02 1:50
Chase Pearson 1 2 3 1 0 3 0 0 0 0 0/0 12:08 0:00 0:00
Conor Timmins 0 0 0 1 0 0 1 3 0 0 0/0 24:24 3:04 2:16
Filip Kral 0 0 0 1 0 0 1 0 0 0 0/0 15:34 0:00 0:44
Ian Mitchell 0 0 0 1 0 3 2 1 1 1 0/0 19:54 2:53 2:04
Jack Quinn 1 1 2 2 0 5 3 2 0 0 2/4 19:31 3:02 1:44
Jacob MacDonald 1 1 2 1 0 2 2 0 0 1 0/0 19:55 2:53 1:42
James Hamblin 1 0 1 1 0 2 2 1 0 0 4/8 12:12 0:00 0:10
Jayden Halbgewachs 0 1 1 2 0 0 1 1 0 1 7/15 15:51 0:00 1:00
Joachim Blichfeld 0 0 0 1 0 1 1 2 0 0 0/0 15:17 2:55 0:00
John Ludvig 0 2 2 1 2 2 2 1 0 0 0/0 18:36 3:04 1:07
Jonatan Berggren 0 2 2 1 2 1 6 0 0 0 6/11 15:55 2:55 0:47
Joseph Duszak 0 0 0 1 0 1 2 1 0 1 0/0 20:14 0:00 0:03
Nicholas Robertson 0 0 0 -1 0 0 0 0 0 0 0/0 12:09 0:00 0:49
Tim Soderlund 0 0 0 -1 0 1 3 1 0 0 0/0 11:05 0:00 0:00
Vasili Ponomarev 0 0 0 -1 0 3 2 0 1 0 3/3 11:05 0:00 0:00
3 Stars
1 - Jack Quinn (NID)
2 - Chase Pearson (NID)
3 - Jacob MacDonald (NID)
Power Play
Adelaide Pink Elephants - 0 on 1 Attempt(s) - 0.00%
Niagara IceDogs - 0 on 4 Attempt(s) - 0.00%
Penalty Kill
Adelaide Pink Elephants - 4 on 4 Attempt(s) - 100.00%
- Score 0 goal in Penalty Kill
Niagara IceDogs - 1 on 1 Attempt(s) - 100.00%
- Score 0 goal in Penalty Kill
Team Stat
Adelaide Pink Elephants - Hits : 35 - Faceoff Wins : 21 - Blocked Shots : 10 - Penalty Minutes : 6
Niagara IceDogs - Hits : 31 - Faceoff Wins : 24 - Blocked Shots : 14 - Penalty Minutes : 4
Official
Referees : Chris Rooney and Dave Lewis
Linesman : Vaughan Rody and Andy McElman
Game Notes
1:11 of 2nd period - Penalty Shot by Robin Salo for Adelaide Pink Elephants - Shot Misses the Net
Adelaide Pink Elephants
5 vs 5 Forward
Center Left Wing Right Wing Time % Phy DF OF
1 Johan Larsson Ryan Dzingel Adam Gaudette 40 1 2 2
2 Kevin Stenlund Dominik Simon Matthew Phillips 30 1 2 2
3 Riley Damiani Axel Jonsson-Fjallby Johan Larsson 20 1 2 2
4 Ryan Suzuki A.J. Greer Ryan Dzingel 10 1 2 2
5 vs 5 Defense
Defense Defense Time % Phy DF OF
1 Caleb Jones Philippe Myers 40 1 2 2
2 Robin Salo Declan Chisholm 30 1 2 2
3 Ben Gleason Nick Cicek 20 1 2 2
4 Caleb Jones Philippe Myers 10 1 2 2
PowerPlay Forward
Center Left Wing Right Wing Time % Phy DF OF
1 Johan Larsson Ryan Dzingel Adam Gaudette 60 1 2 2
2 Kevin Stenlund Dominik Simon Matthew Phillips 40 1 2 2
PowerPlay Defense
Defense Defense Time % Phy DF OF
1 Caleb Jones Philippe Myers 60 1 2 2
2 Robin Salo Declan Chisholm 40 1 2 2
Penalty Kill 4 Players Forward
Center Wing Time % Phy DF OF
1 Johan Larsson Ryan Dzingel 60 1 2 2
2 Adam Gaudette Dominik Simon 40 1 2 2
Penalty Kill 4 Players Defense
Defense Defense Time % Phy DF OF
1 Caleb Jones Philippe Myers 60 1 2 2
2 Robin Salo Declan Chisholm 40 1 2 2
Penalty Kill - 3 Players Forward
Forward Time % Phy DF OF
1 Johan Larsson 60 1 2 2
2 Ryan Dzingel 40 1 2 2
Penalty Kill - 3 Players Defense
Defense Defense Time % Phy DF OF
1 Caleb Jones Philippe Myers 60 1 2 2
2 Robin Salo Declan Chisholm 40 1 2 2
4 vs 4 Forward
Center Wing Time % Phy DF OF
1 Johan Larsson Ryan Dzingel 60 1 2 2
2 Adam Gaudette Dominik Simon 40 1 2 2
4 vs 4 Defense
Defense Defense Time % Phy DF OF
1 Caleb Jones Philippe Myers 60 1 2 2
2 Robin Salo Declan Chisholm 40 1 2 2
Last Minutes Offensive
Center Left Wing Right Wing Defense Defense
Johan Larsson Ryan Dzingel Adam Gaudette Caleb Jones Philippe Myers
Last Minutes Defensive
Center Left Wing Right Wing Defense Defense
Johan Larsson Ryan Dzingel Adam Gaudette Caleb Jones Philippe Myers
Goaltenders
Starting : Jet Greaves
Backup : Matthew Murray
Extra Forwards
Normal : Tyler Madden, Marc McLaughlin, Axel Jonsson-Fjallby - PP : Tyler Madden, Marc McLaughlin - PK : Axel Jonsson-Fjallby
Extra Defensemen
Normal : Ben Gleason, Nick Cicek, Robin Salo - PP : Ben Gleason - PK : Nick Cicek, Robin Salo
Penalty Shots
Johan Larsson, Ryan Dzingel, Adam Gaudette, Dominik Simon, Kevin Stenlund
Niagara IceDogs
5 vs 5 Forward
Center Left Wing Right Wing Time % Phy DF OF
1 Jayden Halbgewachs Arttu Ruotsalainen Jack Quinn 30 1 2 2
2 James Hamblin Joachim Blichfeld Aliaksei Protas 25 1 2 2
3 Jonatan Berggren Chase Pearson Alex Whelan 25 1 2 2
4 Vasili Ponomarev Nicholas Robertson Tim Soderlund 20 1 2 2
5 vs 5 Defense
Defense Defense Time % Phy DF OF
1 Conor Timmins Joseph Duszak 40 1 2 2
2 Ian Mitchell John Ludvig 30 1 2 2
3 Jacob MacDonald Filip Kral 30 1 2 2
4 Conor Timmins Joseph Duszak 0 1 2 2
PowerPlay Forward
Center Left Wing Right Wing Time % Phy DF OF
1 Arttu Ruotsalainen Aliaksei Protas Jack Quinn 50 1 2 2
2 Jonatan Berggren Joachim Blichfeld Alex Whelan 50 1 2 2
PowerPlay Defense
Defense Defense Time % Phy DF OF
1 Ian Mitchell Jacob MacDonald 50 1 2 2
2 Conor Timmins John Ludvig 50 1 2 2
Penalty Kill 4 Players Forward
Center Wing Time % Phy DF OF
1 Jack Quinn Arttu Ruotsalainen 50 1 2 2
2 Aliaksei Protas Jonatan Berggren 50 1 2 2
Penalty Kill 4 Players Defense
Defense Defense Time % Phy DF OF
1 Ian Mitchell Jacob MacDonald 50 1 2 2
2 Conor Timmins John Ludvig 50 1 2 2
Penalty Kill - 3 Players Forward
Forward Time % Phy DF OF
1 Jack Quinn 50 1 2 2
2 Arttu Ruotsalainen 50 1 2 2
Penalty Kill - 3 Players Defense
Defense Defense Time % Phy DF OF
1 Ian Mitchell Jacob MacDonald 50 1 2 2
2 Conor Timmins John Ludvig 50 1 2 2
4 vs 4 Forward
Center Wing Time % Phy DF OF
1 Jack Quinn Arttu Ruotsalainen 50 1 2 2
2 Aliaksei Protas Jonatan Berggren 50 1 2 2
4 vs 4 Defense
Defense Defense Time % Phy DF OF
1 Ian Mitchell Jacob MacDonald 50 1 2 2
2 Conor Timmins John Ludvig 50 1 2 2
Last Minutes Offensive
Center Left Wing Right Wing Defense Defense
Arttu Ruotsalainen Aliaksei Protas Jack Quinn Ian Mitchell Jacob MacDonald
Last Minutes Defensive
Center Left Wing Right Wing Defense Defense
Arttu Ruotsalainen Aliaksei Protas Jack Quinn Ian Mitchell Jacob MacDonald
Goaltenders
Starting : Joseph Woll
Backup : Daniel Vladar
Extra Forwards
Normal : Nicholas Robertson, Vasili Ponomarev, Jayden Halbgewachs - PP : Nicholas Robertson, Vasili Ponomarev - PK : Jayden Halbgewachs
Extra Defensemen
Normal : Joseph Duszak, Filip Kral, Conor Timmins - PP : Joseph Duszak - PK : Filip Kral, Conor Timmins
Penalty Shots
Jack Quinn, Arttu Ruotsalainen, Aliaksei Protas, Jonatan Berggren, Joachim Blichfeld
% Time on Ice - Adelaide Pink Elephants
Lines # - Real PCT - Wanted PCT - Time Play
Normal Forward
1 - 24% - 40% - 12:10
2 - 33% - 30% - 16:26
3 - 23% - 20% - 11:34
4 - 20% - 10% - 9:55
Normal Defense
1 - 38% - 40% - 18:54
2 - 33% - 30% - 16:28
3 - 27% - 20% - 13:23
4 - 3% - 10% - 1:20
PP Forward
1 - 63% - 60% - 2:29
2 - 37% - 40% - 1:29
PP Defense
1 - 52% - 60% - 2:03
2 - 48% - 40% - 1:55
PK Forward
1 - 97% - 60% - 5:46
2 - 3% - 40% - 0:11
PK Defense
1 - 55% - 60% - 3:17
2 - 45% - 40% - 2:40
PK3 Forward
1 - 0% - 60%
2 - 0% - 40%
PK3 Defense
1 - 0% - 60%
2 - 0% - 40%
44 Forward
1 - 0% - 60%
2 - 0% - 40%
44 Defense
1 - 0% - 60%
2 - 0% - 40%
Last Minute Offensive - 0:00
Last Minute Defensive - 0:00
Total
Forward - 60:00
Defense - 60:00
|
% Time on Ice - Niagara IceDogs
Lines # - Real PCT - Wanted PCT - Time Play
Normal Forward
1 - 29% - 30% - 14:45
2 - 24% - 25% - 12:07
3 - 24% - 25% - 12:08
4 - 22% - 20% - 11:05
Normal Defense
1 - 41% - 40% - 20:19
2 - 29% - 30% - 14:30
3 - 30% - 30% - 15:16
4 - 0% - 0% - 0:00
PP Forward
1 - 51% - 50% - 3:02
2 - 49% - 50% - 2:55
PP Defense
1 - 48% - 50% - 2:53
2 - 52% - 50% - 3:04
PK Forward
1 - 52% - 50% - 2:03
2 - 48% - 50% - 1:55
PK Defense
1 - 42% - 50% - 1:39
2 - 58% - 50% - 2:19
PK3 Forward
1 - 0% - 50%
2 - 0% - 50%
PK3 Defense
1 - 0% - 50%
2 - 0% - 50%
44 Forward
1 - 0% - 50%
2 - 0% - 50%
44 Defense
1 - 0% - 50%
2 - 0% - 50%
Last Minute Offensive - 0:00
Last Minute Defensive - 0:00
Total
Forward - 60:00
Defense - 60:00
|
Play-by-Play
1st period
0:01 of 1st period - Jack Quinn wins face-off versus Johan Larsson in neutral zone.
0:42 of 1st period - Snap shot by Jack Quinn.
0:42 of 1st period - Stopped by Jet Greaves with a rebound.
0:44 of 1st period - Slapshot by Arttu Ruotsalainen.
0:44 of 1st period - Deflect By Caleb Jones.
0:44 of 1st period - Shot Misses the Net.
0:44 of 1st period - Puck is out of play.
0:45 of 1st period - James Hamblin wins face-off versus Kevin Stenlund in Adelaide Pink Elephants zone.
0:54 of 1st period - Ian Mitchell is hit by Kevin Stenlund and loses puck.
1:01 of 1st period - Snap shot by Dominik Simon.
1:01 of 1st period - Stopped by Joseph Woll with a rebound.
1:11 of 1st period - Robin Salo is hit by Alex Whelan and loses puck.
1:26 of 1st period - Wrist shot by Vasili Ponomarev.
1:26 of 1st period - Stopped by Jet Greaves with a rebound.
1:28 of 1st period - Slapshot by Tim Soderlund.
1:28 of 1st period - Stopped by Jet Greaves without a rebound.
1:29 of 1st period - Vasili Ponomarev wins face-off versus Kevin Stenlund in Adelaide Pink Elephants zone.
2:03 of 1st period - Filip Kral is hit by Nick Cicek and loses puck.
2:18 of 1st period - Jack Quinn is hit by Kevin Stenlund and loses puck.
2:29 of 1st period - Wrist shot by Jack Quinn.
2:29 of 1st period - Stopped by Jet Greaves with a rebound.
2:58 of 1st period - Minor Penalty to Jonatan Berggren for Interference.
2:59 of 1st period - Johan Larsson wins face-off versus Jack Quinn in Niagara IceDogs zone.
4:34 of 1st period - Jayden Halbgewachs is hit by Adam Gaudette and loses puck.
4:58 of 1st period - Penalty to Jonatan Berggren is over, Jonatan Berggren is back on ice.
5:18 of 1st period - Philippe Myers is hit by Jacob MacDonald and loses puck.
5:57 of 1st period - Declan Chisholm is hit by Joseph Duszak and loses puck.
6:21 of 1st period - Icing by Jonatan Berggren.
6:22 of 1st period - James Hamblin wins face-off versus Ryan Suzuki in Niagara IceDogs zone.
6:27 of 1st period - A.J. Greer is hit by Joseph Duszak and loses puck.
6:47 of 1st period - Ian Mitchell is hit by Caleb Jones.
7:05 of 1st period - Matthew Phillips is hit by Filip Kral and loses puck.
7:26 of 1st period - Minor Penalty to John Ludvig for Tripping.
7:27 of 1st period - Jack Quinn wins face-off versus Johan Larsson in Niagara IceDogs zone.
7:36 of 1st period - Jacob MacDonald is hit by Ryan Dzingel and loses puck.
7:52 of 1st period - Jacob MacDonald is hit by Dominik Simon and loses puck.
8:21 of 1st period - Filip Kral is hit by Dominik Simon.
8:44 of 1st period - Adam Gaudette is hit by Aliaksei Protas.
9:26 of 1st period - Penalty to John Ludvig is over, John Ludvig is back on ice.
9:41 of 1st period - John Ludvig is hit by Riley Damiani and loses puck.
9:48 of 1st period - Tyler Madden is hit by Tim Soderlund and loses puck.
10:22 of 1st period - A.J. Greer is hit by Jack Quinn and loses puck.
10:29 of 1st period - Snap shot by Arttu Ruotsalainen.
10:29 of 1st period - Shot Misses the Net.
10:50 of 1st period - Philippe Myers is hit by Jonatan Berggren and loses puck.
11:12 of 1st period - Caleb Jones is hit by Ian Mitchell and loses puck.
11:56 of 1st period - Alex Whelan is hit by Tyler Madden and loses puck.
12:03 of 1st period - Slapshot by Chase Pearson.
12:03 of 1st period - Shot Misses the Net.
12:32 of 1st period - Conor Timmins is hit by Philippe Myers and loses puck.
12:58 of 1st period - Snap shot by Jack Quinn.
12:58 of 1st period - Shot Blocked by Johan Larsson.
13:00 of 1st period - Slapshot by Arttu Ruotsalainen.
13:00 of 1st period - Shot Misses the Net.
13:14 of 1st period - Tyler Madden is hit by Tim Soderlund and loses puck.
13:35 of 1st period - Philippe Myers is hit by Aliaksei Protas and loses puck.
13:48 of 1st period - Snap shot by Arttu Ruotsalainen.
13:48 of 1st period - Stopped by Jet Greaves with a rebound.
14:29 of 1st period - John Ludvig is hit by Johan Larsson and loses puck.
15:19 of 1st period - Kevin Stenlund is hit by Jayden Halbgewachs and loses puck.
15:30 of 1st period - Kevin Stenlund is hit by James Hamblin and loses puck.
15:46 of 1st period - Chase Pearson is hit by Kevin Stenlund and loses puck.
16:03 of 1st period - Slapshot by Matthew Phillips.
16:03 of 1st period - Shot Misses the Net.
16:05 of 1st period - Snap shot by Dominik Simon.
16:05 of 1st period - Shot Hit the Post.
16:07 of 1st period - Snap shot by Kevin Stenlund.
16:07 of 1st period - Shot Blocked by Joseph Duszak.
16:17 of 1st period - Snap shot by Dominik Simon.
16:17 of 1st period - Shot Misses the Net.
16:19 of 1st period - Wrist shot by Dominik Simon.
16:19 of 1st period - Stopped by Joseph Woll without a rebound.
16:20 of 1st period - Johan Larsson wins face-off versus Jayden Halbgewachs in Niagara IceDogs zone.
16:23 of 1st period - Slapshot by Johan Larsson.
16:23 of 1st period - Stopped by Joseph Woll with a rebound.
16:25 of 1st period - Snap shot by Adam Gaudette.
16:25 of 1st period - Shot Misses the Net.
16:27 of 1st period - Wrist shot by Adam Gaudette.
16:27 of 1st period - Shot Blocked by Jack Quinn.
16:29 of 1st period - Wrist shot by Ryan Dzingel.
16:29 of 1st period - Stopped by Joseph Woll with a rebound.
16:31 of 1st period - Wrist shot by Philippe Myers.
16:31 of 1st period - Stopped by Joseph Woll with a rebound.
16:33 of 1st period - Slapshot by Philippe Myers.
16:33 of 1st period - Deflect By Johan Larsson.
16:33 of 1st period - Shot Misses the Net.
16:33 of 1st period - Puck is out of play.
16:34 of 1st period - Johan Larsson wins face-off versus James Hamblin in Niagara IceDogs zone.
16:37 of 1st period - Snap shot by Johan Larsson.
16:37 of 1st period - Stopped by Joseph Woll with a rebound.
16:39 of 1st period - Snap shot by Johan Larsson.
16:39 of 1st period - Deflect By Adam Gaudette.
16:39 of 1st period - Shot Misses the Net.
16:39 of 1st period - Puck is out of play.
16:40 of 1st period - James Hamblin wins face-off versus Johan Larsson in Niagara IceDogs zone.
16:40 of 1st period - James Hamblin is hit by Johan Larsson.
16:52 of 1st period - Snap shot by Johan Larsson.
16:52 of 1st period - Stopped by Joseph Woll without a rebound.
16:53 of 1st period - Johan Larsson wins face-off versus Jayden Halbgewachs in Niagara IceDogs zone.
16:56 of 1st period - Wrist shot by Ryan Dzingel.
16:56 of 1st period - Stopped by Joseph Woll with a rebound.
17:31 of 1st period - Slapshot by Joachim Blichfeld.
17:31 of 1st period - Stopped by Jet Greaves with a rebound.
17:45 of 1st period - Wrist shot by Dominik Simon.
17:45 of 1st period - Goal by Dominik Simon - Adelaide Pink Elephants : 1 - Niagara IceDogs : 0.
17:46 of 1st period - Jayden Halbgewachs wins face-off versus Johan Larsson in neutral zone.
17:51 of 1st period - Snap shot by Arttu Ruotsalainen.
17:51 of 1st period - Shot Misses the Net.
17:53 of 1st period - Snap shot by Jayden Halbgewachs.
17:53 of 1st period - Shot Blocked by Caleb Jones.
17:55 of 1st period - Slapshot by Joseph Duszak.
17:55 of 1st period - Deflect By Adam Gaudette.
17:55 of 1st period - Stopped by Jet Greaves with a rebound.
18:26 of 1st period - Snap shot by Johan Larsson.
18:26 of 1st period - Stopped by Joseph Woll with a rebound.
18:38 of 1st period - Snap shot by Vasili Ponomarev.
18:38 of 1st period - Shot Misses the Net.
18:46 of 1st period - Slapshot by Vasili Ponomarev.
18:46 of 1st period - Stopped by Jet Greaves with a rebound.
18:48 of 1st period - Snap shot by Vasili Ponomarev.
18:48 of 1st period - Stopped by Jet Greaves with a rebound.
19:00 of 1st period - Slapshot by Johan Larsson.
19:00 of 1st period - Shot Blocked by Alex Whelan.
19:02 of 1st period - Wrist shot by Matthew Phillips.
19:02 of 1st period - Shot Misses the Net.
19:04 of 1st period - Slapshot by Matthew Phillips.
19:04 of 1st period - Deflect By Kevin Stenlund.
19:04 of 1st period - Goal by Kevin Stenlund - Adelaide Pink Elephants : 2 - Niagara IceDogs : 0.
19:05 of 1st period - Kevin Stenlund wins face-off versus Jayden Halbgewachs in neutral zone.
19:10 of 1st period - Slapshot by Kevin Stenlund.
19:10 of 1st period - Stopped by Joseph Woll with a rebound.
19:12 of 1st period - Slapshot by Philippe Myers.
19:12 of 1st period - Shot Blocked by Jayden Halbgewachs.
19:38 of 1st period - Snap shot by Jayden Halbgewachs.
19:38 of 1st period - Shot Misses the Net.
19:40 of 1st period - Snap shot by Jack Quinn.
19:40 of 1st period - Shot Misses the Net.
19:54 of 1st period - Snap shot by Jayden Halbgewachs.
19:54 of 1st period - Shot Misses the Net.
19:56 of 1st period - Slapshot by Jack Quinn.
19:56 of 1st period - Shot Misses the Net.
Goals for this period are 2 for Adelaide Pink Elephants vs 0 for Niagara IceDogs.
Shots for this period are 12 for Adelaide Pink Elephants vs 9 for Niagara IceDogs.
2nd period
0:01 of 2nd period - Johan Larsson wins face-off versus Jonatan Berggren in neutral zone.
0:08 of 2nd period - Snap shot by Johan Larsson.
0:08 of 2nd period - Shot Blocked by Conor Timmins.
0:10 of 2nd period - Snap shot by Johan Larsson.
0:10 of 2nd period - Stopped by Joseph Woll without a rebound.
0:11 of 2nd period - Johan Larsson wins face-off versus Jonatan Berggren in Niagara IceDogs zone.
0:12 of 2nd period - Wrist shot by Ryan Dzingel.
0:12 of 2nd period - Shot Blocked by Conor Timmins.
0:14 of 2nd period - Slapshot by Philippe Myers.
0:14 of 2nd period - Shot Hit the Post.
0:16 of 2nd period - Slapshot by Caleb Jones.
0:16 of 2nd period - Deflect By Adam Gaudette.
0:16 of 2nd period - Stopped by Joseph Woll with a rebound.
0:18 of 2nd period - Snap shot by Johan Larsson.
0:18 of 2nd period - Shot Misses the Net.
1:03 of 2nd period - Snap shot by Jayden Halbgewachs.
1:03 of 2nd period - Shot Blocked by Declan Chisholm.
1:05 of 2nd period - Snap shot by Jack Quinn.
1:05 of 2nd period - Stopped by Jet Greaves with a rebound.
1:11 of 2nd period - Penalty Shot by Robin Salo for Adelaide Pink Elephants.
1:11 of 2nd period - Deke by Robin Salo.
1:11 of 2nd period - Shot Misses the Net.
1:12 of 2nd period - Kevin Stenlund wins face-off versus Jonatan Berggren in Adelaide Pink Elephants zone.
1:39 of 2nd period - Philippe Myers is hit by John Ludvig and loses puck.
1:48 of 2nd period - Wrist shot by Joachim Blichfeld.
1:48 of 2nd period - Deflect By James Hamblin.
1:48 of 2nd period - Shot Misses the Net.
1:48 of 2nd period - Puck is out of play.
1:49 of 2nd period - Johan Larsson wins face-off versus Jayden Halbgewachs in Adelaide Pink Elephants zone.
1:49 of 2nd period - Johan Larsson is hit by Jacob MacDonald.
2:01 of 2nd period - Snap shot by Jack Quinn.
2:01 of 2nd period - Shot Misses the Net.
2:03 of 2nd period - Wrist shot by Arttu Ruotsalainen.
2:03 of 2nd period - Stopped by Jet Greaves with a rebound.
2:05 of 2nd period - Snap shot by Jayden Halbgewachs.
2:05 of 2nd period - Shot Misses the Net.
3:18 of 2nd period - Slapshot by Jack Quinn.
3:18 of 2nd period - Deflect By Matthew Phillips.
3:18 of 2nd period - Shot Blocked by Robin Salo.
3:18 of 2nd period - Puck is out of play.
3:19 of 2nd period - Jayden Halbgewachs wins face-off versus Kevin Stenlund in Adelaide Pink Elephants zone.
3:20 of 2nd period - Wrist shot by Arttu Ruotsalainen.
3:20 of 2nd period - Shot Misses the Net.
3:22 of 2nd period - Slapshot by John Ludvig.
3:22 of 2nd period - Stopped by Jet Greaves with a rebound.
3:24 of 2nd period - Slapshot by Ian Mitchell.
3:24 of 2nd period - Stopped by Jet Greaves with a rebound.
3:26 of 2nd period - Slapshot by Ian Mitchell.
3:26 of 2nd period - Stopped by Jet Greaves without a rebound.
3:27 of 2nd period - Jonatan Berggren wins face-off versus Johan Larsson in Adelaide Pink Elephants zone.
3:34 of 2nd period - Snap shot by Alex Whelan.
3:34 of 2nd period - Stopped by Jet Greaves with a rebound.
3:36 of 2nd period - Snap shot by John Ludvig.
3:36 of 2nd period - Deflect By Chase Pearson.
3:36 of 2nd period - Stopped by Jet Greaves with a rebound.
3:38 of 2nd period - Wrist shot by Jonatan Berggren.
3:38 of 2nd period - Deflect By Chase Pearson.
3:38 of 2nd period - Goal by Chase Pearson - Adelaide Pink Elephants : 2 - Niagara IceDogs : 1.
3:39 of 2nd period - Adam Gaudette wins face-off versus James Hamblin in neutral zone.
3:53 of 2nd period - Off-side.
3:54 of 2nd period - Ryan Dzingel wins face-off versus Jayden Halbgewachs in neutral zone.
4:18 of 2nd period - Dominik Simon is hit by Jonatan Berggren and loses puck.
4:43 of 2nd period - Vasili Ponomarev is hit by Axel Jonsson-Fjallby and loses puck.
5:04 of 2nd period - Wrist shot by A.J. Greer.
5:04 of 2nd period - Stopped by Joseph Woll without a rebound.
5:05 of 2nd period - Jayden Halbgewachs wins face-off versus Ryan Suzuki in Niagara IceDogs zone.
5:12 of 2nd period - Snap shot by Arttu Ruotsalainen.
5:12 of 2nd period - Shot Blocked by A.J. Greer.
5:14 of 2nd period - Snap shot by Jack Quinn.
5:14 of 2nd period - Stopped by Jet Greaves with a rebound.
5:16 of 2nd period - Slapshot by Jack Quinn.
5:16 of 2nd period - Shot Blocked by Philippe Myers.
5:18 of 2nd period - Snap shot by Jack Quinn.
5:18 of 2nd period - Shot Misses the Net.
5:20 of 2nd period - Snap shot by Arttu Ruotsalainen.
5:20 of 2nd period - Goal by Arttu Ruotsalainen - Adelaide Pink Elephants : 2 - Niagara IceDogs : 2.
5:21 of 2nd period - Johan Larsson wins face-off versus James Hamblin in neutral zone.
5:37 of 2nd period - Snap shot by Joachim Blichfeld.
5:37 of 2nd period - Deflect By James Hamblin.
5:37 of 2nd period - Stopped by Jet Greaves without a rebound.
5:38 of 2nd period - Kevin Stenlund wins face-off versus Jayden Halbgewachs in Adelaide Pink Elephants zone.
5:44 of 2nd period - Off-side.
5:45 of 2nd period - Jayden Halbgewachs wins face-off versus Kevin Stenlund in neutral zone.
5:48 of 2nd period - Wrist shot by Arttu Ruotsalainen.
5:48 of 2nd period - Stopped by Jet Greaves with a rebound.
5:50 of 2nd period - Slapshot by Arttu Ruotsalainen.
5:50 of 2nd period - Shot Blocked by Caleb Jones.
5:52 of 2nd period - Slapshot by Jacob MacDonald.
5:52 of 2nd period - Stopped by Jet Greaves without a rebound.
5:53 of 2nd period - Jonatan Berggren wins face-off versus Johan Larsson in Adelaide Pink Elephants zone.
6:18 of 2nd period - Joseph Duszak is hit by Dominik Simon and loses puck.
6:37 of 2nd period - Wrist shot by Ryan Dzingel.
6:37 of 2nd period - Shot Blocked by Jack Quinn.
6:39 of 2nd period - Snap shot by A.J. Greer.
6:39 of 2nd period - Stopped by Joseph Woll without a rebound.
6:40 of 2nd period - Ryan Suzuki wins face-off versus Jack Quinn in Niagara IceDogs zone.
6:41 of 2nd period - Snap shot by Ryan Dzingel.
6:41 of 2nd period - Shot Misses the Net.
6:43 of 2nd period - Slapshot by Caleb Jones.
6:43 of 2nd period - Shot Blocked by John Ludvig.
6:45 of 2nd period - Snap shot by Philippe Myers.
6:45 of 2nd period - Shot Blocked by Ian Mitchell.
6:47 of 2nd period - Snap shot by Caleb Jones.
6:47 of 2nd period - Shot Misses the Net.
7:05 of 2nd period - Jonatan Berggren is hit by Axel Jonsson-Fjallby and loses puck.
7:50 of 2nd period - Snap shot by Aliaksei Protas.
7:50 of 2nd period - Stopped by Jet Greaves with a rebound.
8:04 of 2nd period - Wrist shot by A.J. Greer.
8:04 of 2nd period - Stopped by Joseph Woll with a rebound.
8:52 of 2nd period - Slapshot by John Ludvig.
8:52 of 2nd period - Stopped by Jet Greaves with a rebound.
8:54 of 2nd period - Snap shot by James Hamblin.
8:54 of 2nd period - Goal by James Hamblin - Adelaide Pink Elephants : 2 - Niagara IceDogs : 3.
8:55 of 2nd period - James Hamblin wins face-off versus Johan Larsson in neutral zone.
9:29 of 2nd period - Wrist shot by Matthew Phillips.
9:29 of 2nd period - Shot Blocked by Tim Soderlund.
9:44 of 2nd period - Icing by A.J. Greer.
9:45 of 2nd period - Ryan Suzuki wins face-off versus Jonatan Berggren in Adelaide Pink Elephants zone.
9:59 of 2nd period - Jonatan Berggren is hit by A.J. Greer and loses puck.
10:43 of 2nd period - Icing by John Ludvig.
10:44 of 2nd period - Johan Larsson wins face-off versus James Hamblin in Niagara IceDogs zone.
10:59 of 2nd period - Slapshot by John Ludvig.
10:59 of 2nd period - Deflect By Aliaksei Protas.
10:59 of 2nd period - Shot Misses the Net.
10:59 of 2nd period - Puck is out of play.
11:00 of 2nd period - Vasili Ponomarev wins face-off versus Kevin Stenlund in Adelaide Pink Elephants zone.
11:29 of 2nd period - Off-side.
11:30 of 2nd period - Johan Larsson wins face-off versus Jonatan Berggren in neutral zone.
12:11 of 2nd period - Minor Penalty to Dominik Simon for Hooking.
12:12 of 2nd period - Arttu Ruotsalainen wins face-off versus Johan Larsson in Adelaide Pink Elephants zone.
12:56 of 2nd period - Adam Gaudette is hit by Ian Mitchell and loses puck.
13:19 of 2nd period - Axel Jonsson-Fjallby is hit by Jack Quinn and loses puck.
13:41 of 2nd period - Icing by Conor Timmins.
13:42 of 2nd period - Arttu Ruotsalainen wins face-off versus Adam Gaudette in Niagara IceDogs zone.
14:11 of 2nd period - Penalty to Dominik Simon is over, Dominik Simon is back on ice.
14:14 of 2nd period - Off-side.
14:15 of 2nd period - Vasili Ponomarev wins face-off versus Kevin Stenlund in neutral zone.
14:18 of 2nd period - Slapshot by Joseph Duszak.
14:18 of 2nd period - Shot Blocked by Dominik Simon.
14:42 of 2nd period - Axel Jonsson-Fjallby is hit by Conor Timmins and loses puck.
14:49 of 2nd period - Snap shot by Chase Pearson.
14:49 of 2nd period - Stopped by Jet Greaves with a rebound.
14:51 of 2nd period - Slapshot by Jacob MacDonald.
14:51 of 2nd period - Goal by Jacob MacDonald - Adelaide Pink Elephants : 2 - Niagara IceDogs : 4.
14:52 of 2nd period - Jayden Halbgewachs wins face-off versus Johan Larsson in neutral zone.
14:59 of 2nd period - Wrist shot by Arttu Ruotsalainen.
14:59 of 2nd period - Shot Misses the Net.
15:01 of 2nd period - Minor Penalty to Johan Larsson for Diving.
15:02 of 2nd period - Jonatan Berggren wins face-off versus Axel Jonsson-Fjallby in Adelaide Pink Elephants zone.
17:01 of 2nd period - Penalty to Johan Larsson is over, Johan Larsson is back on ice.
17:11 of 2nd period - Dominik Simon is hit by Tim Soderlund and loses puck.
17:32 of 2nd period - Axel Jonsson-Fjallby is hit by Vasili Ponomarev and loses puck.
19:28 of 2nd period - Tim Soderlund is hit by Ryan Suzuki and loses puck.
19:52 of 2nd period - Slapshot by Axel Jonsson-Fjallby.
19:52 of 2nd period - Stopped by Joseph Woll with a rebound.
19:55 of 2nd period - Icing by Arttu Ruotsalainen.
19:56 of 2nd period - Jayden Halbgewachs wins face-off versus Riley Damiani in Niagara IceDogs zone.
Goals for this period are 0 for Adelaide Pink Elephants vs 4 for Niagara IceDogs.
Shots for this period are 6 for Adelaide Pink Elephants vs 18 for Niagara IceDogs.
3rd period
0:01 of 3rd period - Johan Larsson wins face-off versus Aliaksei Protas in neutral zone.
0:04 of 3rd period - Wrist shot by Johan Larsson.
0:04 of 3rd period - Shot Blocked by James Hamblin.
0:06 of 3rd period - Wrist shot by Ryan Dzingel.
0:06 of 3rd period - Stopped by Joseph Woll with a rebound.
0:08 of 3rd period - Slapshot by Caleb Jones.
0:08 of 3rd period - Shot Blocked by Conor Timmins.
0:10 of 3rd period - Slapshot by Johan Larsson.
0:10 of 3rd period - Deflect By Joachim Blichfeld.
0:10 of 3rd period - Stopped by Joseph Woll with a rebound.
0:14 of 3rd period - Wrist shot by Johan Larsson.
0:14 of 3rd period - Stopped by Joseph Woll with a rebound.
0:26 of 3rd period - Aliaksei Protas is hit by Kevin Stenlund and loses puck.
0:47 of 3rd period - Axel Jonsson-Fjallby is hit by James Hamblin and loses puck.
1:16 of 3rd period - Wrist shot by Arttu Ruotsalainen.
1:16 of 3rd period - Stopped by Jet Greaves with a rebound.
1:20 of 3rd period - Snap shot by Jack Quinn.
1:20 of 3rd period - Deflect By Arttu Ruotsalainen.
1:20 of 3rd period - Stopped by Jet Greaves without a rebound.
1:21 of 3rd period - Jonatan Berggren wins face-off versus Kevin Stenlund in Adelaide Pink Elephants zone.
1:21 of 3rd period - Ian Mitchell is hit by Matthew Phillips and loses puck.
1:24 of 3rd period - Slapshot by Ian Mitchell.
1:24 of 3rd period - Stopped by Jet Greaves with a rebound.
1:26 of 3rd period - Slapshot by Chase Pearson.
1:26 of 3rd period - Shot Blocked by Philippe Myers.
2:35 of 3rd period - Slapshot by Dominik Simon.
2:35 of 3rd period - Shot Misses the Net.
2:47 of 3rd period - Wrist shot by Jack Quinn.
2:47 of 3rd period - Goal by Jack Quinn - Adelaide Pink Elephants : 2 - Niagara IceDogs : 5.
2:48 of 3rd period - Johan Larsson wins face-off versus Jayden Halbgewachs in neutral zone.
2:53 of 3rd period - Wrist shot by Adam Gaudette.
2:53 of 3rd period - Shot Misses the Net.
2:55 of 3rd period - Slapshot by Robin Salo.
2:55 of 3rd period - Stopped by Joseph Woll without a rebound.
2:56 of 3rd period - Johan Larsson wins face-off versus Jayden Halbgewachs in Niagara IceDogs zone.
3:03 of 3rd period - Slapshot by Ryan Dzingel.
3:03 of 3rd period - Shot Misses the Net.
3:05 of 3rd period - Slapshot by Declan Chisholm.
3:05 of 3rd period - Stopped by Joseph Woll without a rebound.
3:06 of 3rd period - Jayden Halbgewachs wins face-off versus Johan Larsson in Niagara IceDogs zone.
3:11 of 3rd period - Slapshot by Jack Quinn.
3:11 of 3rd period - Shot Blocked by Philippe Myers.
3:31 of 3rd period - Snap shot by Kevin Stenlund.
3:31 of 3rd period - Shot Misses the Net.
3:53 of 3rd period - Joseph Duszak is hit by Johan Larsson and loses puck.
4:21 of 3rd period - Kevin Stenlund is hit by Jonatan Berggren and loses puck.
5:42 of 3rd period - Snap shot by Ryan Dzingel.
5:42 of 3rd period - Shot Misses the Net.
5:44 of 3rd period - Snap shot by Caleb Jones.
5:44 of 3rd period - Shot Blocked by Joachim Blichfeld.
6:29 of 3rd period - Jacob MacDonald is hit by Tyler Madden and loses puck.
7:58 of 3rd period - Tyler Madden is hit by Jonatan Berggren and loses puck.
8:15 of 3rd period - Jayden Halbgewachs is hit by Tyler Madden.
8:19 of 3rd period - Adam Gaudette is hit by Jack Quinn and loses puck.
8:36 of 3rd period - Axel Jonsson-Fjallby is hit by Jonatan Berggren and loses puck.
9:14 of 3rd period - Joachim Blichfeld is hit by Caleb Jones and loses puck.
10:16 of 3rd period - Jonatan Berggren is hit by Ryan Dzingel and loses puck.
10:49 of 3rd period - Vasili Ponomarev is hit by Declan Chisholm and loses puck.
11:12 of 3rd period - Ian Mitchell is hit by Caleb Jones and loses puck.
11:23 of 3rd period - Adam Gaudette is hit by Joachim Blichfeld and loses puck.
11:47 of 3rd period - Joseph Duszak is hit by Ben Gleason and loses puck.
12:26 of 3rd period - Alex Whelan is hit by Tyler Madden and loses puck.
12:37 of 3rd period - Filip Kral is hit by Robin Salo and loses puck.
12:41 of 3rd period - Icing by Chase Pearson.
12:42 of 3rd period - Jonatan Berggren wins face-off versus Kevin Stenlund in Niagara IceDogs zone.
12:57 of 3rd period - Aliaksei Protas is hit by Johan Larsson and loses puck.
14:37 of 3rd period - Minor Penalty to Johan Larsson for Slashing.
14:38 of 3rd period - Jonatan Berggren wins face-off versus Axel Jonsson-Fjallby in Adelaide Pink Elephants zone.
14:42 of 3rd period - Snap shot by Jonatan Berggren.
14:42 of 3rd period - Stopped by Jet Greaves with a rebound.
14:44 of 3rd period - Slapshot by Ian Mitchell.
14:44 of 3rd period - Shot Misses the Net.
14:46 of 3rd period - Wrist shot by Joachim Blichfeld.
14:46 of 3rd period - Shot Misses the Net.
14:48 of 3rd period - Wrist shot by Alex Whelan.
14:48 of 3rd period - Shot Misses the Net.
14:50 of 3rd period - Wrist shot by Alex Whelan.
14:50 of 3rd period - Deflect By Axel Jonsson-Fjallby.
14:50 of 3rd period - Shot Misses the Net.
14:50 of 3rd period - Puck is out of play.
14:51 of 3rd period - Axel Jonsson-Fjallby wins face-off versus Arttu Ruotsalainen in Adelaide Pink Elephants zone.
15:16 of 3rd period - Jacob MacDonald is hit by Caleb Jones and loses puck.
15:25 of 3rd period - Ryan Dzingel is hit by Jonatan Berggren and loses puck.
16:16 of 3rd period - Adam Gaudette is hit by John Ludvig and loses puck.
16:37 of 3rd period - Penalty to Johan Larsson is over, Johan Larsson is back on ice.
17:14 of 3rd period - Wrist shot by Ryan Suzuki.
17:14 of 3rd period - Shot Blocked by Joachim Blichfeld.
17:24 of 3rd period - James Hamblin is hit by Dominik Simon and loses puck.
18:22 of 3rd period - Johan Larsson is hit by Vasili Ponomarev and loses puck.
19:54 of 3rd period - Tim Soderlund is hit by Adam Gaudette.
Goals for this period are 0 for Adelaide Pink Elephants vs 1 for Niagara IceDogs.
Shots for this period are 5 for Adelaide Pink Elephants vs 5 for Niagara IceDogs.
Back to the Top